 Dungeon Crawl Stone Soup version 0.21-a0-71-g5e5ddd2 (webtiles) character file.

658483 MackTheKnife the Conqueror (level 27, -41/249 HPs)
             Began as a Merfolk Wanderer on June 17, 2017.
             Was the Champion of Okawaru.
             Annihilated by an enormous slime creature (78 damage)
             ... on level 1 of the Pits of Slime on June 19, 2017.
             The game lasted 02:58:23 (62805 turns).

MackTheKnife the Conqueror (Merfolk Wanderer)      Turns: 62805, Time: 02:58:23

Health: -41/249    AC: 16    Str: 21    XL:     27
Magic:  26/48      EV: 35    Int: 19    God:    Okawaru [******]
Gold:   5927       SH: 19    Dex: 30    Spells: 18/51 levels left

rFire    + + +     SeeInvis +   b - +18 lance "Wyrmbane" {slay drac, rPois rF+ rC+ AC+3}
rCold    + + .     Gourm    .   k - +1 shield of the First Snow {rC+ Regen+ Str+4 Int+2}
rNeg     + . .     Faith    +   G - +8 fire dragon scales
rPois    +         Spirit   .   L - +2 hat {MR+}
rElec    +         Reflect  .   S - +2 cloak {+Inv}
rCorr    .         Harm     .   y - +1 pair of gloves of Intercession {Regen+ MP+9 Dex+3}
MR       +++++     Clarity  +   V - +0 pair of boots "Emollumi" {Dex+5 Slay+2}
Stlth    +++++++++.             h - amulet "Quciaw" {Faith Fragile rElec rPois Dex+5}
HPRegen  1.31/turn              T - ring "Boefefid" {rN+ MR+ Slay+3 Stlth+}
MPRegen  0.31/turn              J - ring of Kar Haah {rC+ Dex+3 SInv}

@: heroism, corroded
A: change form in water, swift swim, stealthy swim, antennae 1, iridescent
scales 1, blurry vision 2, clarity, dopey 1, magic resistance 1
}: 3/15 runes: barnacled, silver, gossamer
a: Heroism, Finesse, Renounce Religion, Evoke Invisibility


You were on level 1 of the Pits of Slime.
You worshipped Okawaru.
Okawaru was exalted by your worship.
You were not hungry.

You visited 12 branches of the dungeon, and saw 54 of its levels.
You visited the Abyss 1 time.
You also visited: Wizlab and Desolation.

You collected 7637 gold pieces.
You spent 1710 gold pieces at shops.

Inventory:

Hand Weapons
 a - a +9 demon trident of electrocution
   (You took it off Louise on level 14 of the Dungeon)
 b - the +18 lance "Wyrmbane" (weapon) {slay drac, rPois rF+ rC+ AC+3}
   (You took it off a yaktaur captain on level 5 of the Vaults)

   It affects your AC (+3).
   It protects you from fire.
   It protects you from cold.
   It protects you from poison.
Missiles
 z - 18 throwing nets {=f, !d}
Armour
 k - the +1 shield of the First Snow (worn) {rC+ Regen+ Str+4 Int+2}
   (Okawaru gifted it to you on level 4 of the Shoals)

   It affects your strength (+4).
   It affects your intelligence (+2).
   It protects you from cold.
   It increases your rate of regeneration.
 y - the +1 pair of gloves of Intercession (worn) {Regen+ MP+9 Dex+3}
   (You acquired it on level 1 of the Vaults)

   It affects your dexterity (+3).
   It affects your magic capacity (+9).
   It increases your rate of regeneration.
 G - +8 fire dragon scales (worn)
   (You found it on level 2 of the Depths)
 L - a +2 hat of magic resistance (worn)
   (You found it on level 5 of the Vaults)
 S - a +2 cloak of invisibility (worn)
   (You took it off Maurice on level 8 of the Dungeon)
 V - the +0 pair of boots "Emollumi" (worn) {Dex+5 Slay+2}
   (You bought it in a shop on level 1 of the Orcish Mines)

   It affects your dexterity (+5).
   It affects your accuracy and damage with ranged weapons and melee attacks
   (+2).
Jewellery
 h - the amulet "Quciaw" (around neck) {Faith Fragile rElec rPois Dex+5}
   (You found it in the Desolation of Salt)

   [amulet of faith]

   It allows you to gain divine favour quickly.
   It affects your dexterity (+5).
   It insulates you from electricity.
   It protects you from poison.
   It will be destroyed if unequipped.
 J - the ring of Kar Haah (right hand) {rC+ Dex+3 SInv}
   (You took it off a deep elf sorcerer on level 3 of the Elven Halls)

   [ring of dexterity]

   It affects your dexterity (+3).
   It protects you from cold.
   It lets you see invisible.
 M - an uncursed ring of resist corrosion
   (You found it on level 2 of the Realm of Zot)
 R - the ring "Osoileco" {rPois rF+ rC+ EV+2 Str-4}
   (You took it off a vault warden on level 5 of the Vaults)

   [ring of evasion]

   It affects your evasion (+2).
   It affects your strength (-4).
   It protects you from fire.
   It protects you from cold.
   It protects you from poison.
 T - the ring "Boefefid" (left hand) {rN+ MR+ Slay+3 Stlth+}
   (You took it off a deep elf demonologist on level 3 of the Elven Halls)

   [ring of protection from magic]

   It affects your accuracy and damage with ranged weapons and melee attacks
   (+3).
   It protects you from negative energy.
   It affects your resistance to hostile enchantments.
   It makes you more stealthy.
Wands
 x - a wand of paralysis (10/24)
   (You found it on level 3 of the Vaults)
 I - a wand of digging (9/24)
   (You bought it in a shop on level 2 of the Orcish Mines)
 P - a wand of clouds (4/9)
   (You found it on level 4 of the Depths)
Scrolls
 g - 30 scrolls of remove curse
 j - 3 scrolls of fog
 n - 21 scrolls of teleportation
 o - 2 scrolls of magic mapping {!r}
 t - 5 scrolls of amnesia
 u - 3 scrolls of holy word {!r}
 A - 12 scrolls of recharging
 B - 3 scrolls of identify
 D - a scroll of summoning
 F - 2 scrolls of silence
 K - 4 scrolls of enchant armour
 O - 11 scrolls of blinking {!r}
 Y - 6 scrolls of fear
Potions
 c - 22 potions of curing
 e - 6 potions of haste
 l - 2 potions of ambrosia
 q - 9 potions of heal wounds
 r - 13 potions of flight
 v - 8 potions of resistance
 w - 12 potions of brilliance
 C - 8 potions of might
 E - 5 potions of cancellation
 H - 4 potions of invisibility
 U - 10 potions of magic
 Z - 7 potions of agility
Miscellaneous
 m - a fan of gales
   (You found it on level 3 of the Elven Halls)
 p - 2 phantom mirrors
 N - 5 sacks of spiders
 Q - a phial of floods
   (You found it on level 3 of the Elven Halls)
Comestibles
 d - 19 royal jellies
 f - 17 bread rations {@e1}
 i - 16 meat rations {@e2}
 s - 21 fruits


   Skills:
 O Level 27 Fighting
   Level 2.4(7.4) Short Blades
 - Level 23.0(27) Polearms
 - Level 10.7(15.7) Armour
 - Level 22.0(27) Dodging
 + Level 18.6(23.6) Stealth
 - Level 15.0(20.0) Shields
 - Level 12.8 Spellcasting
 - Level 5.4 Hexes
 - Level 14.7 Charms
 - Level 5.0 Necromancy
 - Level 12.9 Air Magic
 - Level 8.0 Invocations
 - Level 7.4 Evocations


You had 18 spell levels left.
You knew the following spells:

 Your Spells              Type           Power        Failure   Level  Hunger
a - Silence               Hex/Air        #####.....   8%          5    ####...
b - Blink                 Tloc           N/A          19%         2    None
c - Confuse               Hex            ####....     4%          3    None
d - Deflect Missiles      Chrm/Air       ######....   6%          6    ######.
g - Apportation           Tloc           ##....       13%         1    None
r - Regeneration          Chrm/Necr      #####.....   1%          3    None
s - Swiftness             Chrm/Air       ######..     1%          2    None
z - Spectral Weapon       Hex/Chrm       ######..     1%          3    None
B - Controlled Blink      Tloc           N/A          100%        8    #######


Dungeon Overview and Level Annotations

Branches:
Dungeon (15/15)            Temple (1/1) D:6            Lair (6/6) D:11
 Shoals (4/4) Lair:3       Spider (4/4) Lair:4        Slime (1/5) Lair:5
    Orc (2/2) D:9             Elf (3/3) Orc:2        Vaults (5/5) D:14
  Crypt (3/3) Vaults:3     Depths (5/5) D:15            Zot (5/5) Depths:5
   Tomb: Crypt:3

Altars:
Ashenzari
Cheibriados
Dithmenos
Elyvilon
Fedhas
Gozag
Hepliaklqana
Kikubaaqudgha
Makhleb
Nemelex Xobeh
Okawaru
Qazlal
Ru
Sif Muna
Trog
Uskayaw
Vehumet
Wu Jian
Xom
Yredelemnul
Zin
The Shining One
Jiyva

Shops:
D:4 :*   D:9 [   D:10 (   D:11 *   Orc:1 *[   Orc:2 ?%:}   Elf:1 *   Shoals:3 %
Shoals:4 !   Vaults:2 (   Vaults:3 :   Depths:3 [

Portals:
Hell: Depths:1 Depths:2 Depths:3 Depths:4 Depths:5
Abyss: Depths:4
Pandemonium: Depths:3
Ziggurat: Depths:2

Annotations:
D:10 exclusion: obsidian statue
Lair:4 exclusion: 3 oklob plants
Lair:5 exclusion: hydra
Elf:2 3 runed doors
Vaults:5 Frederick
Depths:2 exclusions: 2 great orbs of eyes and shining eye
Zot:2 exclusion: orb of fire


Innate Abilities, Weirdness & Mutations

You revert to your normal form in water.
You are very nimble and swift while swimming.
You are very stealthy in the water. (Stealth+)
You have a pair of small antennae on your head.
You are partially covered in iridescent scales. (AC +2)
Scrolls take you longer to read.
You possess an exceptional clarity of mind.
You are dopey. (Int -2)
You are resistant to hostile enchantments. (MR+)


Message History

Unknown command.
You hit the eye of draining. You block the acid blob's attack.
The slime creature hits you! The acid blob spits acid at you.
The splash of acid hits your spectral weapon.
Your spectral weapon is splashed with acid.
Your spectral weapon shares its damage with you! x2
You take 16 damage, and have 152/249 hp.
You impale the eye of draining!!
You kill the eye of draining!
Okawaru accepts your kill. The acid blob spits acid at you.
The splash of acid hits you! The acid corrodes you!
You are splashed with acid!
The acid burns!
You take 16 damage, and have 136/249 hp.
You puncture the acid blob!
Your hands burn!
Your spectral weapon hits the acid blob!
Your spectral weapon is burned by acid!
Your spectral weapon shares its damage with you!
The slime creature hits you! The acid blob spits acid at you.
The splash of acid hits your spectral weapon.
Your spectral weapon is splashed with acid.
Your spectral weapon shares its damage with you! x2
Two slime creatures merge to form a large slime creature.
You take 22 damage, and have 114/249 hp.
You hit the acid blob.
Your hands burn!
Your spectral weapon hits the acid blob!!
Your spectral weapon is burned by acid!
Your spectral weapon shares its damage with you!
Your spectral weapon fades away.
You block the acid blob's attack.
You take 4 damage, and have 110/249 hp.
Unknown command.
You impale the acid blob!!
You kill the acid blob!
Okawaru accepts your kill.
Two slime creatures merge to form a large slime creature.
You block the slime creature's attack.
Two slime creatures merge to form a large slime creature.
Unknown command.
You draw out your weapon's spirit!
The acid blob spits acid at you. The splash of acid hits you!
The acid corrodes you!
You are splashed with acid!
The acid burns!
A large slime creature splits.
The large slime creature completely misses you.
Two slime creatures merge to form a very large slime creature.
You take 21 damage, and have 91/249 hp.
You now have 25/48 mp.
You puncture the acid blob! The acid corrodes you!
Your hands burn!
Your spectral weapon hits the acid blob!
Your spectral weapon is burned by acid!
Your spectral weapon shares its damage with you!
The acid blob spits acid at you. The splash of acid hits you!
The acid corrodes you!
You are splashed with acid!
The acid burns!
* * * LOW HITPOINT WARNING * * *
You take 18 damage, and have 73/249 hp.
You hit the acid blob.
Your hands burn!
* * * LOW HITPOINT WARNING * * *
Your spectral weapon hits the acid blob!
Your spectral weapon is burned by acid!
Your spectral weapon shares its damage with you!
* * * LOW HITPOINT WARNING * * *
A large slime creature splits.
Two slime creatures merge to form an enormous slime creature.
The acid blob spits acid at your spectral weapon.
The splash of acid hits your spectral weapon.
Your spectral weapon is splashed with acid.
Your spectral weapon shares its damage with you! x2
Your spectral weapon fades away.
* * * LOW HITPOINT WARNING * * *
The slime creature completely misses you.
You take 14 damage, and have 59/249 hp.
Unknown command.
You puncture the acid blob!
Your hands burn!
* * * LOW HITPOINT WARNING * * *
You block the enormous slime creature's attack.
You take 2 damage, and have 57/249 hp.
Unknown command.
You feel much better. You block the slime creature's attack.
The acid blob spits acid at you. The splash of acid hits you!
You are splashed with acid!
The acid burns!
* * * LOW HITPOINT WARNING * * *
The slime creature hits you!
* * * LOW HITPOINT WARNING * * *
You block the slime creature's attack. The enormous slime creature hits you!!!
* * * LOW HITPOINT WARNING * * *
You take 48 damage, and have 9/249 hp.
Unknown command.
Really read
O - 11 scrolls of blinking {!r}?
Really read with blurry vision while enemies are nearby?
Okay, then.
Unknown command.
Unknown command.
You feel much better. You block the acid blob's attack.
You block the slime creature's attack.
The slime creature hits you but does no damage.
You block the slime creature's attack.
The enormous slime creature hits you!!!!
You die...

......# #.# .
.....# ... ..
#....##...#. .#.
.....#.....
..#.##..........
..........#...#.
................
......J@J.......
......JJJ.......
.............#..
.#.#........##
#............#
#............#
.............#
..##...#......
##.####...##


You could see an acid blob, an enormous slime creature and 3 slime creatures.

Vanquished Creatures
  6 orbs of fire
  Mennas (Vaults:2)
  6 ancient liches
  The ghost of kroki the Conqueror, a legendary BaFi of Okawaru (Zot:4)
  Boris (Vaults:2)
  2 greater mummies (Depths:2)
  Bai Suzhen (Vaults:5)
  6 Killer Klowns
  Saint Roka (Depths:3)
  2 curse toes
  Nikola (Spider:4)
  Jory (Vaults:2)
  Arachne (Spider:4)
  A bone dragon (Depths:5)
  7 golden dragons
  3 electric golems
  A Cloud Mage (WizLab)
  10 tentacled monstrosities
  Jorgrun (Spider:4)
  4 liches
  25 Orb Guardians (Zot:5)
  6 quicksilver dragons
  Asterion (Vaults:1)
  6 titans (Vaults:5)
  4 deep elf master archers (Elf:3)
  2 deep elf blademasters (Elf:3)
  A kraken (Shoals:4)
  3 acid blobs (Slime:1)
  10 death cobs
  5 sphinxes
  8 tengu reavers
  12 storm dragons
  10 shadow dragons
  2 ancient champions (Crypt:1)
  8 draconian monks
  Ilsuiw (Shoals:4)
  A revenant (Crypt:1)
  8 deep elf sorcerers
  An azure jelly (Slime:1)
  3 draconian knights
  An iron dragon (Vaults:5)
  15 vault wardens
  3 frost giants
  Aizul (Spider:2)
  10 draconian scorchers
  9 fire giants
  6 emperor scorpions
  6 ghost moths
  4 imperial myrmidons (Desolation)
  5 draconian stormcallers
  6 draconian shifters
  Louise (D:14)
  2 deep elf elementalists (Elf:3)
  2 curse skulls (Crypt:2)
  4 ghouls (Crypt:1)
  16 ironheart preservers
  4 draconian annihilators
  14 stone giants
  2 war gargoyles
  3 entropy weavers
  A reaper (Crypt:3)
  4 vampire knights
  11 very ugly things
  8 deep elf annihilators
  2 halazid warlocks (Desolation)
  7 black draconians
  Nessos (D:14)
  12 green draconians
  8 deep elf demonologists (Elf:3)
  11 yellow draconians
  7 spark wasps
  6 purple draconians
  9 white draconians
  8 merfolk javelineers
  12 red draconians
  4 mummy priests (Depths:2)
  9 eidola
  A spark wasp (shapeshifter) (Vaults:5)
  12 deep elf death magi
  Snorg (D:13)
  4 jiangshi
  10 fire dragons
  11 merfolk impalers
  6 ragged hierophants (Desolation)
  2 crystal guardians (Desolation)
  15 ettins
  34 vault guards
  4 great orbs of eyes
  8 rakshasas
  5 deep elf high priests
  Harold (Lair:2)
  15 yaktaur captains
  10 servants of whispers (Desolation)
  8 ice dragons
  2 hydras
  A catoblepas (D:14)
  The ghost of rexbael the Frost Mage, a journeyman DrIE of Okawaru (D:10)
  6 peacekeepers (Desolation)
  5 merfolk avatars
  3 spriggan air magi
  13 centaur warriors
  5 merfolk aquamancers (Shoals:4)
  24 two-headed ogres
  A satyr (Shoals:4)
  19 dancing weapons
  A death knight (Vaults:2)
  11 deep troll shamans
  4 vampire magi
  A spriggan berserker (Depths:5)
  An alligator snapping turtle (Shoals:2)
  10 tengu warriors
  11 ogre magi
  6 deep troll earth magi
  12 death yaks
  6 orc high priests
  7 soul eaters (Crypt:3)
  A fire crab (shapeshifter) (Vaults:2)
  32 skeletal warriors
  19 deep elf knights
  A shadow wraith (Vaults:2)
  A titan skeleton (Crypt:3)
  14 sea snakes
  An iron troll (Depths:1)
  A spriggan druid (Depths:1)
  A storm dragon skeleton (Vaults:3)
  5 hell knights (Depths:4)
  34 deep trolls
  4 unseen horrors
  7 glowing orange brains
  The ghost of AvylaarBelgium the Zephyrmancer, a novice DEAE of Vehumet (D:8)
  8 wizards
  A swamp dragon (shapeshifter) (Vaults:5)
  20 ironbrand convokers
  An unseen horror (shapeshifter) (Depths:5)
  A lindwurm (Lair:4)
  16 necromancers
  A flayed ghost (Vaults:3)
  21 orc knights
  12 phantasmal warriors
  20 deep elf archers
  An iron dragon zombie (Crypt:2)
  54 deep elf magi
  25 harpies
  6 orc sorcerers
  17 orb spiders
  44 ugly things
  26 wolf spiders
  A manticore (shapeshifter) (Vaults:5)
  A wolf spider zombie (D:15)
  4 cyclopes
  A shadow dragon skeleton (Vaults:3)
  9 manticores
  An iron dragon skeleton (Crypt:3)
  6 fauns
  A sphinx skeleton (Vaults:4)
  3 frost giant skeletons
  2 elephants (Lair:6)
  A centaur zombie (D:15)
  26 moths of wrath
  12 merfolk sirens
  A salamander (shapeshifter) (Vaults:4)
  11 vault sentinels
  A guardian serpent (shapeshifter) (Vaults:5)
  A guardian serpent (Desolation)
  2 molten gargoyles (Desolation)
  Joseph (D:7)
  Maurice (D:8)
  2 black mambas (shapeshifter)
  5 black mambas (Lair:6)
  3 water nymphs
  A fire giant skeleton (Vaults:3)
  4 gargoyles
  A torpor snail (Lair:6)
  2 hellions (Zot:3)
  13 spiny frogs
  7 freezing wraiths
  A spiny frog (shapeshifter) (Vaults:2)
  A yellow draconian zombie (Crypt:2)
  11 komodo dragons
  A dire elephant skeleton (Crypt:3)
  An ancient zyme (Abyss:3)
  3 efreet
  3 rime drakes (Lair:6)
  20 demonic crawlers
  63 yaktaurs
  A redback zombie (D:14)
  13 hellwings (Crypt:3)
  3 tengu conjurers
  2 yaktaur skeletons (Vaults:3)
  4 yaktaurs (shapeshifter)
  2 guardian mummies (Depths:2)
  13 trolls
  44 merfolk
  27 jumping spiders
  2 queen bees (shapeshifter)
  4 polar bears
  A troll (shapeshifter) (Vaults:3)
  3 meliai (D:14)
  A harpy zombie (Crypt:2)
  A hydra skeleton (Crypt:3)
  15 hornets
  A blink frog (shapeshifter) (Vaults:5)
  44 saltlings (Desolation)
  17 wind drakes
  A slime creature (shapeshifter) (Depths:5)
  14 snapping turtles
  A polar bear (shapeshifter) (Vaults:3)
  34 slime creatures
  7 hippogriffs
  7 blink frogs
  A stone giant simulacrum (Vaults:4)
  11 dream sheep
  5 flying skulls
  2 spriggans (shapeshifter)
  Sigmund (D:5)
  A spriggan (D:12)
  33 air elementals
  An ettin skeleton (Crypt:2)
  24 tarantellas
  A redback (shapeshifter) (Vaults:3)
  A ynoxinul (Abyss:3)
  3 shadows
  8 wraiths
  73 redbacks
  7 wyverns
  2 yaks (shapeshifter)
  5 fire elementals
  12 water elementals
  5 hungry ghosts
  A fire bat (D:9)
  20 humans (D:14)
  34 yaks
  3 basilisks
  A black mamba skeleton (Crypt:3)
  A neqoxec (Abyss:3)
  A steam dragon (D:11)
  A large abomination (Abyss:3)
  A faun zombie (Crypt:1)
  A water nymph zombie (Crypt:1)
  8 wargs
  7 insubstantial wisps (WizLab)
  A monstrous demonspawn zombie (Crypt:2)
  2 acid dragons (Vaults:2)
  A glowing shapeshifter zombie (Crypt:2)
  16 water moccasins
  A water moccasin (shapeshifter) (Vaults:2)
  2 faun skeletons (Crypt:2)
  7 porcupines
  A two-headed ogre skeleton (Crypt:1)
  3 hornet zombies
  2 black bears
  58 orc warriors
  2 ettin simulacra (Vaults:4)
  3 eyes of draining
  6 ice beasts
  A black bear (shapeshifter) (Vaults:1)
  2 spiny frog skeletons (Crypt:3)
  A swamp dragon zombie (Crypt:2)
  10 sky beasts
  33 ogres
  5 wolves
  3 phantoms
  15 boggarts
  A manticore skeleton (Crypt:3)
  2 snapping turtle skeletons (Crypt:3)
  17 centaurs
  16 crocodiles
  An elf skeleton (Vaults:3)
  3 human skeletons
  6 big kobolds
  A crocodile (shapeshifter) (Vaults:3)
  18 bullfrogs
  A yaktaur zombie (Crypt:1)
  4 gnoll sergeants
  A draconian skeleton (Crypt:2)
  An earth elemental (Elf:3)
  6 wyvern skeletons
  5 scorpions
  10 killer bees
  A polar bear skeleton (Crypt:1)
  A vampire bat (Orc:2)
  20 wights
  4 howler monkeys
  9 electric eels
  8 crimson imps
  A bullfrog zombie (D:11)
  6 hounds
  31 orc wizards
  9 jellies
  23 orc priests
  A gnoll shaman (D:7)
  5 centaur skeletons
  Jessica (D:2)
  5 hell rats (Lair:6)
  5 iguanas
  7 worker ants
  A hound zombie (D:7)
  A naga skeleton (Crypt:3)
  3 hound skeletons
  2 mummies (Depths:2)
  A howler monkey zombie (D:5)
  A worker ant zombie (D:8)
  10 adders
  18 gnolls
  A howler monkey skeleton (D:5)
  A river rat (Lair:3)
  4 shadow imps
  A white imp (Vaults:4)
  14 oozes
  2 adder zombies
  A worm zombie (Crypt:2)
  2 adder skeletons
  2 worms (D:2)
  A barachi zombie (Crypt:1)
  3 dart slugs
  6 leopard geckos
  106 orcs
  2 ball pythons
  17 bats
  5 giant cockroaches
  11 goblins
  4 hobgoblins
  11 jackals
  4 quokkas
  3 frilled lizards (D:1)
  A frilled lizard skeleton (Crypt:2)
  22 kobolds
  A leopard gecko skeleton (D:5)
  A quokka skeleton (Crypt:2)
  A quokka zombie (D:6)
  8 rats
  A crawling corpse (Elf:1)
  2 plants
2546 creatures vanquished.

Vanquished Creatures (others)
  A purple draconian (Zot:5)
  A wizard (D:9)
  A freezing wraith (Vaults:3)
  A saltling (Desolation)
  4 insubstantial wisps (WizLab)
  A warg (Elf:2)
  A boggart (Vaults:3)
  An orc (Vaults:4)
  11 fungi
  12 plants
  81 spectral weapons
  4 tentacles (Shoals:4)
  2 withered plants (Crypt:3)
121 creatures vanquished.

Grand Total: 2667 creatures vanquished

Notes
Turn   | Place    | Note
-------+----------+-------------------------------------------
     0 | D:1      | MackTheKnife the Merfolk Wanderer began the quest for the Orb.
     0 | D:1      | MackTheKnife set off with: a +2 dagger, a scroll of blinking {!r}, a potion of curing, a +0 short sword, a +0 robe, a bread ration {@e1}
     0 | D:1      | Reached XP level 1. HP: 18/18 MP: 1/1
    29 | D:1      | Reached skill level 1 in Dodging
    29 | D:1      | Reached XP level 2. HP: 16/25 MP: 2/2
   267 | D:1      | Reached skill level 2 in Dodging
   297 | D:1      | Reached skill level 4 in Fighting
   297 | D:1      | Reached XP level 3. HP: 22/30 MP: 3/3
  1293 | D:2      | HP: 7/30 [worm (7)]
  1300 | D:2      | HP: 4/30 [dart slug/slug dart (3)]
  1520 | D:2      | Reached skill level 2 in Polearms
  1520 | D:2      | Reached XP level 4. HP: 31/37 MP: 4/4
  1560 | D:2      | Reached skill level 3 in Polearms
  1684 | D:2      | Noticed Jessica
  1701 | D:2      | Killed Jessica
  1701 | D:2      | Reached skill level 4 in Polearms
  1973 | D:2      | Reached XP level 5. HP: 26/42 MP: 5/5
  2327 | D:3      | Found a basalt altar of Yredelemnul.
  2340 | D:3      | Reached skill level 3 in Dodging
  2475 | D:3      | Reached skill level 5 in Polearms
  2879 | D:3      | Reached skill level 4 in Dodging
  2879 | D:3      | Reached XP level 6. HP: 18/48 MP: 6/6
  3430 | D:4      | Noticed a phantom
  3449 | D:4      | Killed a phantom
  3449 | D:4      | Reached skill level 6 in Polearms
  3449 | D:4      | Reached skill level 5 in Dodging
  3463 | D:4      | Reached skill level 7 in Polearms
  3463 | D:4      | Reached XP level 7. HP: 49/54 MP: 7/7
  3605 | D:4      | Noticed a hungry ghost
  3634 | D:4      | Killed a hungry ghost
  3634 | D:4      | Reached skill level 6 in Dodging
  3766 | D:4      | Found Puycoc's Assorted Antiques.
  3772 | D:4      | Bought a brightly glowing leather armour for 133 gold pieces
  3772 | D:4      | Bought a scroll labeled WUORONEGHIM for 19 gold pieces
  3772 | D:4      | Bought a scroll of identify for 38 gold pieces
  3772 | D:4      | Identified the +2 leather armour of Loss {rF+ Int+4} (You bought it in a shop on level 4 of the Dungeon)
  3924 | D:4      | Found Hiebb's Book Boutique.
  4014 | D:4      | Reached skill level 8 in Polearms
  4032 | D:4      | Reached skill level 7 in Dodging
  4043 | D:4      | Found a shattered altar of Ashenzari.
  4049 | D:4      | Reached XP level 8. HP: 60/60 MP: 8/8
  4442 | D:4      | Found a hazy altar of Hepliaklqana.
  4601 | D:5      | Entered Level 5 of the Dungeon
  4630 | D:4      | Reached skill level 9 in Polearms
  4738 | D:5      | Found a sparkling altar of Nemelex Xobeh.
  4780 | D:5      | Reached skill level 8 in Dodging
  4983 | D:5      | Noticed Sigmund
  5093 | D:5      | Found an iron altar of Okawaru.
  5160 | D:5      | Found a shimmering altar of Xom.
  5251 | D:5      | Became a worshipper of Warmaster Okawaru
  5283 | D:5      | Reached skill level 10 in Polearms
  5521 | D:5      | Killed Sigmund
  5521 | D:5      | Reached skill level 9 in Dodging
  5582 | D:5      | Found an opulent altar of Gozag.
  5735 | D:5      | Found a bloodstained altar of Trog.
  6066 | D:5      | Reached XP level 9. HP: 34/65 MP: 9/9
  6315 | D:6      | Reached skill level 11 in Polearms
  6411 | D:6      | Reached * piety under Okawaru
  6432 | D:6      | Reached skill level 10 in Dodging
  6813 | D:6      | Found a staircase to the Ecumenical Temple.
  6823 | Temple   | Entered the Ecumenical Temple
  7085 | D:6      | Reached skill level 12 in Polearms
  7292 | D:7      | Reached skill level 11 in Dodging
  7351 | D:7      | Noticed Joseph
  7385 | D:7      | Killed Joseph
  7385 | D:7      | Reached ** piety under Okawaru
  7385 | D:7      | Reached skill level 5 in Fighting
  8208 | D:7      | Reached skill level 6 in Fighting
  8457 | D:7      | Reached skill level 12 in Dodging
  8607 | D:8      | Reached XP level 10. HP: 72/76 MP: 10/10
  8693 | D:8      | Noticed AvylaarBelgium's ghost (novice DEAE)
  8979 | D:8      | Found a hide-covered altar of Uskayaw.
  9148 | D:8      | Reached skill level 7 in Fighting
  9270 | D:8      | Noticed a two-headed ogre
  9274 | D:8      | Killed a two-headed ogre
  9274 | D:8      | Reached *** piety under Okawaru
  9274 | D:8      | Reached skill level 13 in Polearms
  9336 | D:8      | Killed AvylaarBelgium's ghost
  9336 | D:8      | Reached skill level 8 in Fighting
  9441 | D:8      | Noticed Maurice
  9451 | D:8      | Killed Maurice
  9451 | D:8      | Reached **** piety under Okawaru
  9751 | D:9      | Reached skill level 14 in Polearms
  9866 | D:9      | Reached skill level 9 in Fighting
  9966 | D:9      | Learned a level 2 spell: Blink
 10045 | D:9      | Reached XP level 11. HP: 66/89 MP: 11/11
 10424 | D:9      | Reached ***** piety under Okawaru
 10424 | D:9      | Reached skill level 15 in Polearms
 10449 | D:9      | Reached skill level 10 in Fighting
 10698 | D:9      | Found a staircase to the Orcish Mines.
 10903 | D:9      | Found Kiadushro's Antique Armour Boutique.
 10920 | D:9      | Bought a transparent helmet for 256 gold pieces
 10930 | D:9      | Identified the +2 helmet of Biomias {Dex+4} (You bought it in a shop on level 9 of the Dungeon)
 10939 | D:9      | Found a bloodstained altar of Trog.
 10942 | D:9      | Noticed a wizard
 10945 | D:9      | Killed a wizard
 10975 | D:9      | Found a shadowy altar of Dithmenos.
 11363 | D:9      | Learned a level 3 spell: Confuse
 11389 | D:10     | Entered Level 10 of the Dungeon
 11389 | D:10     | Noticed Snorg
 11464 | D:10     | Noticed an obsidian statue
 11493 | D:10     | Learned a level 3 spell: Spectral Weapon
 11547 | D:10     | Found Igof's Weapon Boutique.
 11622 | D:10     | Received a gift from Okawaru
 11750 | D:10     | Noticed rexbael's ghost (journeyman DrIE)
 11776 | D:10     | Killed rexbael's ghost
 11776 | D:10     | Reached skill level 11 in Fighting
 11776 | D:10     | Reached skill level 16 in Polearms
 11865 | D:10     | Killed an unseen horror
 12444 | D:11     | Found Rafiras's Assorted Antiques.
 12544 | D:11     | Noticed a two-headed ogre
 12551 | D:11     | Killed a two-headed ogre
 12829 | D:11     | Noticed a seven-headed hydra
 12843 | D:11     | Reached XP level 12. HP: 80/101 MP: 12/12
 12860 | D:11     | Killed a nine-headed hydra
 12860 | D:11     | Reached skill level 13 in Dodging
 12866 | D:11     | Noticed a two-headed ogre
 12872 | D:11     | Reached skill level 12 in Fighting
 12878 | D:11     | Killed a two-headed ogre
 13214 | D:11     | Found a staircase to the Lair.
 13219 | Lair:1   | Entered Level 1 of the Lair of Beasts
 13522 | Lair:1   | Noticed a five-headed hydra
 13892 | Lair:1   | Reached skill level 14 in Dodging
 14135 | Lair:2   | Noticed Harold
 14145 | Lair:2   | Killed Harold
 14145 | Lair:2   | Reached skill level 2 in Invocations
 14149 | Lair:2   | Reached skill level 3 in Invocations
 14174 | Lair:2   | Reached skill level 4 in Invocations
 14219 | Lair:2   | Received a gift from Okawaru
 14346 | Lair:2   | Reached skill level 5 in Invocations
 14584 | Lair:2   | Reached skill level 2 in Evocations
 15042 | Lair:3   | Reached skill level 6 in Invocations
 15312 | Lair:3   | Reached skill level 7 in Invocations
 15467 | Lair:3   | Reached XP level 13. HP: 58/109 MP: 18/18
 15473 | Lair:3   | HP: 23/109 [merfolk/trident (10)]
 15736 | Lair:3   | Found a staircase to the Shoals.
 15746 | Lair:3   | Reached skill level 8 in Invocations
 15783 | Lair:3   | Reached skill level 1 in Spellcasting
 15783 | Lair:3   | Reached skill level 1 in Hexes
 15783 | Lair:3   | Reached skill level 1 in Charms
 16296 | Lair:4   | Found a hole to the Spider Nest.
 16524 | Lair:4   | Reached skill level 2 in Hexes
 16524 | Lair:4   | Reached skill level 2 in Charms
 16543 | Lair:4   | Reached skill level 2 in Spellcasting
 16561 | Lair:4   | Reached skill level 3 in Hexes
 16561 | Lair:4   | Reached skill level 3 in Charms
 16650 | Lair:4   | Found an ornate altar of the Wu Jian Council.
 16732 | Lair:4   | Reached ****** piety under Okawaru
 16732 | Lair:4   | Received a gift from Okawaru
 16732 | Lair:4   | Reached skill level 3 in Spellcasting
 16744 | Lair:4   | Reached skill level 4 in Charms
 16753 | Lair:4   | Reached skill level 4 in Hexes
 16770 | Lair:4   | Got an ichor-stained glaive {god gift}
 16771 | Lair:4   | Identified the +9 glaive "Iteots" {chop, -Tele rN+ MP+9 Int+3} (Okawaru gifted it to you on level 4 of the Lair of Beasts)
 17123 | Lair:4   | Reached skill level 4 in Spellcasting
 17263 | Lair:5   | Reached skill level 5 in Charms
 17390 | Lair:5   | Found a staircase to the Slime Pits.
 17390 | Lair:5   | Found a viscous altar of Jiyva.
 17563 | Lair:6   | Entered Level 6 of the Lair of Beasts
 17566 | Lair:6   | Reached skill level 5 in Hexes
 17754 | Lair:6   | Received a gift from Okawaru
 17778 | Lair:6   | Reached skill level 3 in Evocations
 17801 | Lair:6   | Reached skill level 4 in Stealth
 17818 | Lair:6   | Received a gift from Okawaru
 17818 | Lair:6   | Reached XP level 14. HP: 91/116 MP: 21/21
 17829 | Lair:6   | Reached skill level 5 in Stealth
 17829 | Lair:6   | Reached skill level 4 in Evocations
 18260 | Lair:6   | Reached skill level 6 in Stealth
 18260 | Lair:6   | Reached skill level 5 in Evocations
 18292 | Lair:6   | Received a gift from Okawaru
 18408 | Lair:6   | Reached skill level 6 in Evocations
 19023 | Lair:6   | Reached skill level 7 in Evocations
 19286 | Orc:1    | Entered Level 1 of the Orcish Mines
 19310 | Orc:1    | Learned a level 3 spell: Regeneration
 19391 | Orc:1    | Found Boecluh's Assorted Antiques.
 19516 | Orc:1    | Bought a pair of shimmering boots for 199 gold pieces
 19521 | Orc:1    | Identified the +0 pair of boots "Emollumi" {Dex+5 Slay+2} (You bought it in a shop on level 1 of the Orcish Mines)
 19675 | Orc:1    | Found Emuaveit's Antique Armour Shop.
 19775 | Orc:1    | Bought a twisted leather armour for 147 gold pieces
 19785 | Orc:1    | Identified the +2 leather armour of Byuseqiy {rElec Regen+} (You bought it in a shop on level 1 of the Orcish Mines)
 19886 | Orc:2    | Entered Level 2 of the Orcish Mines
 19918 | Orc:2    | Reached skill level 5 in Spellcasting
 19918 | Orc:2    | Reached skill level 1 in Necromancy
 19973 | Orc:2    | Found a staircase to the Elven Halls.
 20141 | Orc:1    | Reached skill level 2 in Necromancy
 20339 | Orc:2    | HP: 26/116 [orc knight/halberd (12)]
 20522 | Orc:2    | Reached skill level 3 in Necromancy
 20651 | Orc:2    | Reached skill level 4 in Necromancy
 20741 | Orc:2    | Received a gift from Okawaru
 20769 | Orc:2    | Reached skill level 5 in Necromancy
 20770 | Orc:2    | Found Tauq's Gadget Shoppe.
 20770 | Orc:2    | Found Everrono's Book Shop.
 20774 | Orc:2    | Found Unit's Food Shoppe.
 20774 | Orc:2    | Found Joguni's Magic Scroll Shop.
 20890 | Orc:2    | Bought a wand of digging (14/24) for 504 gold pieces
 21081 | Orc:2    | Reached skill level 1 in Armour
 21338 | D:10     | Reached skill level 2 in Armour
 21349 | D:11     | Upgraded the game from 0.21-a0-64-g1c0f2e3 to 0.21-a0-70-g32e1473
 21519 | D:12     | Reached skill level 3 in Armour
 21670 | D:12     | HP: 25/116 [red ugly thing (11)]
 21802 | D:12     | HP: 20/116 [jumping spider[a deep elf mage] (15)]
 21807 | D:12     | HP: 21/116 [something (1)]
 21815 | D:12     | HP: 16/116 [something (1)]
 21816 | D:12     | HP: 7/116 [something (9)]
 21820 | D:12     | HP: 1/116 [something (6)]
 21826 | D:12     | HP: 21/116 [something (10)]
 21846 | D:11     | Reached XP level 15. HP: 31/122 MP: 19/23
 22191 | D:12     | Reached skill level 4 in Armour
 22366 | D:12     | Received a gift from Okawaru
 22369 | D:12     | Got a polished cloak {god gift}
 22380 | D:12     | Identified the +4 cloak of Juxzakin {+Fly Dex-4 SInv} (Okawaru gifted it to you on level 12 of the Dungeon)
 22557 | D:13     | Killed Snorg
 22663 | D:13     | Reached skill level 5 in Armour
 23176 | D:14     | Noticed Louise
 23187 | D:14     | Killed Louise
 23345 | D:14     | Reached skill level 1 in Shields
 23381 | D:14     | Reached skill level 2 in Shields
 23502 | D:14     | Noticed Nessos
 23525 | D:14     | Killed Nessos
 23525 | D:14     | Reached skill level 3 in Shields
 23674 | D:14     | Reached skill level 4 in Shields
 23833 | D:14     | Reached skill level 5 in Shields
 23887 | D:14     | Reached skill level 6 in Shields
 23932 | D:14     | Found a gate to the Vaults.
 24153 | D:15     | Entered Level 15 of the Dungeon
 24165 | D:15     | Received a gift from Okawaru
 24237 | D:15     | Reached skill level 7 in Shields
 24452 | D:15     | Reached skill level 8 in Shields
 24471 | D:15     | Received a gift from Okawaru
 24565 | D:15     | Found a staircase to the Depths.
 24611 | D:15     | Reached skill level 9 in Shields
 25214 | D:15     | Reached XP level 16. HP: 129/129 MP: 20/24
 25595 | Shoals:1 | Entered Level 1 of the Shoals
 25604 | Shoals:1 | Reached skill level 10 in Shields
 25637 | Shoals:1 | HP: 30/129 [manticore (4)]
 25639 | Shoals:1 | HP: 12/129 [merfolk/trident (19)]
 26001 | Shoals:1 | Reached skill level 11 in Shields
 26129 | Shoals:1 | Received a gift from Okawaru
 26592 | Shoals:2 | Reached skill level 12 in Shields
 27235 | Shoals:3 | Reached skill level 13 in Shields
 27538 | Shoals:3 | Found Igalat's Food Shoppe.
 27865 | Shoals:4 | Entered Level 4 of the Shoals
 27895 | Shoals:4 | Received a gift from Okawaru
 27896 | Shoals:4 | Got a spiked shield {god gift}
 27937 | Shoals:4 | Identified the +1 shield of the First Snow {rC+ Regen+ Str+4 Int+2} (Okawaru gifted it to you on level 4 of the Shoals)
 28063 | Shoals:4 | Reached skill level 14 in Shields
 28114 | Shoals:4 | Found Evas's Distillery.
 28247 | Shoals:4 | Reached XP level 17. HP: 127/135 MP: 21/25
 28316 | Shoals:4 | Got a crystal short sword {pierce}
 28348 | Shoals:4 | Noticed Ilsuiw
 28359 | Shoals:4 | Killed Ilsuiw
 28414 | Shoals:4 | Reached skill level 15 in Shields
 28443 | Shoals:4 | Found Totobru's Distillery.
 28570 | Shoals:4 | Reached skill level 13 in Fighting
 28713 | Shoals:4 | Noticed a kraken
 28773 | Shoals:4 | Killed a kraken
 28863 | Shoals:4 | Identified Nyixza's Tome of Virous Flight
 29087 | Shoals:4 | Reached skill level 15 in Dodging
 29091 | Shoals:4 | Received a gift from Okawaru
 29111 | Shoals:4 | HP: 32/138 [merfolk impaler/vampiric trident (9)]
 29132 | Shoals:4 | Got a barnacled rune of Zot
 29543 | Orc:1    | Bought a jewelled scale mail for 225 gold pieces
 29543 | Orc:1    | Identified the cursed +1 scale mail "Goudd" {Int+2} (You bought it in a shop on level 1 of the Orcish Mines)
 29627 | D:9      | Bought an ancient leather armour for 189 gold pieces
 29637 | D:9      | Identified the +2 leather armour of Untruth {*Slow rElec Int+2} (You bought it in a shop on level 9 of the Dungeon)
 29814 | Spider:1 | Entered Level 1 of the Spider Nest
 29890 | Spider:1 | Reached skill level 14 in Fighting
 30362 | Spider:1 | Reached skill level 16 in Dodging
 30991 | Spider:2 | Reached XP level 18. HP: 144/147 MP: 24/26
 31097 | Spider:2 | Received a gift from Okawaru
 31106 | Spider:2 | Got a pair of bloodstained gloves {god gift}
 31123 | Spider:2 | Identified the +0 pair of gloves "Xossuju" {rN+} (Okawaru gifted it to you on level 2 of the Spider Nest)
 31328 | Spider:2 | Noticed Aizul
 31346 | Spider:2 | Killed Aizul
 31472 | Spider:2 | Reached skill level 15 in Fighting
 31703 | Spider:2 | Reached skill level 17 in Dodging
 32867 | Spider:4 | Entered Level 4 of the Spider Nest
 33165 | Spider:4 | Noticed Arachne
 33178 | Spider:4 | Killed Arachne
 33553 | Spider:4 | Noticed Jorgrun
 33567 | Spider:4 | Killed Jorgrun
 33567 | Spider:4 | Received a gift from Okawaru
 33567 | Spider:4 | Reached skill level 18 in Dodging
 33679 | Spider:4 | Noticed Nikola
 33688 | Spider:4 | Killed Nikola
 33688 | Spider:4 | Reached skill level 16 in Fighting
 34140 | Spider:4 | Reached skill level 7 in Stealth
 34328 | Spider:4 | Received a gift from Okawaru
 34358 | Spider:4 | Reached skill level 8 in Stealth
 34386 | Spider:4 | Reached skill level 17 in Polearms
 34386 | Spider:4 | Reached XP level 19. HP: 108/157 MP: 1/27
 34519 | Spider:4 | Got a gossamer rune of Zot
 34820 | Elf:1    | Entered Level 1 of the Elven Halls
 34820 | Elf:1    | Found Muxzallyxe's Assorted Antiques.
 34852 | Elf:1    | Reached skill level 9 in Stealth
 35146 | Elf:1    | Got a pitted scale mail
 35165 | Elf:1    | Identified the +0 scale mail "Woqun" {MR+ Str+2 Dex-4} (You found it on level 1 of the Elven Halls)
 35287 | Elf:1    | Received a gift from Okawaru
 35342 | Elf:1    | Reached skill level 10 in Stealth
 35357 | Elf:1    | Reached skill level 18 in Polearms
 35377 | Elf:1    | HP: 39/157 [soul eater/drain life[a deep elf mage] (7)]
 35646 | Elf:1    | Got an uncursed translucent long sword {drain}
 35994 | Elf:2    | Received a gift from Okawaru
 35997 | Elf:2    | Got a faintly glowing spear {god gift}
 35998 | Elf:2    | Identified the +6 spear "Reosonowe" {freeze, *Slow rElec MR+} (Okawaru gifted it to you on level 2 of the Elven Halls)
 36113 | Elf:2    | Reached skill level 19 in Polearms
 36130 | Elf:2    | HP: 33/157 [something (13)]
 36336 | Elf:2    | Found a runed gate.
 36337 | Elf:2    | Found a runed gate.
 36338 | Elf:2    | Found a runed gate.
 36606 | Elf:3    | Entered Level 3 of the Elven Halls
 37205 | Elf:3    | Reached skill level 20 in Polearms
 37235 | Elf:3    | Received a gift from Okawaru
 37577 | Elf:3    | Reached XP level 20. HP: 142/164 MP: 28/28
 37587 | Elf:3    | Reached skill level 21 in Polearms
 37620 | Elf:3    | Cast into level 3 of the Abyss (a deep elf sorcerer)
 37751 | Elf:3    | Escaped the Abyss
 37949 | Elf:3    | Reached skill level 17 in Fighting
 37959 | Elf:3    | Received a gift from Okawaru
 37963 | Elf:3    | Noticed a Brimstone Fiend
 37976 | Elf:3    | Got a clouded jade ring
 38031 | Elf:3    | Got an iridescent quarterstaff {flame}
 38033 | Elf:3    | Got a scintillating glass ring
 38034 | Elf:3    | Identified the ring "Boefefid" {rN+ MR+ Slay+3 Stlth+} (You took it off a deep elf demonologist on level 3 of the Elven Halls)
 38038 | Elf:3    | Identified the ring "Wouvucih" {rPois rF- rC+ MP+9} (You took it off a deep elf death mage on level 3 of the Elven Halls)
 38068 | Elf:3    | Got a spiked ring mail
 38070 | Elf:3    | Identified the +4 ring mail "Tirhof" {Dex+3} (You found it on level 3 of the Elven Halls)
 38094 | Elf:3    | Learned a level 2 spell: Swiftness
 38117 | Elf:3    | Identified the Compendium of Beguiling
 38384 | Vaults:1 | Entered Level 1 of the Vaults
 38519 | Vaults:1 | Noticed Asterion
 38564 | Vaults:1 | Found a magical portal.
 38574 | WizLab   | Entered The Chambers of the Cloud Mage
 38895 | WizLab   | Noticed Qykk
 38913 | WizLab   | Killed Qykk the Cloud Mage
 38914 | WizLab   | Reached skill level 18 in Fighting
 38946 | WizLab   | Identified Wunwef's Catalogue of Weightlessness
 38969 | WizLab   | Learned a level 6 spell: Deflect Missiles
 38973 | WizLab   | Identified the Guide on Flight
 38984 | WizLab   | Got a translucent platinum ring
 38985 | WizLab   | Identified the ring of Uhar {Dex+7 Stlth-} (You found it in a wizard's laboratory)
 39110 | Vaults:1 | Received a gift from Okawaru
 39200 | Vaults:1 | Got a bloodstained chain mail
 39201 | Vaults:1 | Identified the cursed +0 chain mail of Insecurity {rN+ Int+3} (You found it on level 1 of the Vaults)
 39317 | Vaults:1 | Killed Asterion
 39731 | Elf:3    | Got a transparent granite ring
 39745 | Elf:3    | Got an encrusted crystal plate armour
 39746 | Elf:3    | Identified the ring of Kar Haah {rC+ Dex+3 SInv} (You took it off a deep elf sorcerer on level 3 of the Elven Halls)
 39750 | Elf:3    | Identified the cursed +0 crystal plate armour "Elureud" {+Blink rElec} (You found it on level 3 of the Elven Halls)
 40333 | Vaults:1 | Identified a scroll of acquirement
 40339 | Vaults:1 | Reached skill level 19 in Fighting
 40377 | Vaults:1 | Got a pair of jewelled gloves
 40388 | Vaults:1 | Identified the +1 pair of gloves of Intercession {Regen+ MP+9 Dex+3} (You acquired it on level 1 of the Vaults)
 40829 | Vaults:2 | Reached XP level 21. HP: 169/181 MP: 29/29
 40934 | Vaults:2 | Reached skill level 6 in Charms
 40936 | Vaults:2 | Reached skill level 1 in Air Magic
 41181 | Vaults:2 | Reached skill level 6 in Spellcasting
 41183 | Vaults:2 | Received a gift from Okawaru
 41187 | Vaults:2 | Reached skill level 2 in Air Magic
 41195 | Vaults:2 | Got an encrusted buckler {god gift}
 41212 | Vaults:2 | Identified the -6 buckler of Failyacu {+Blink rPois} (Okawaru gifted it to you on level 2 of the Vaults)
 41259 | Vaults:2 | Noticed Boris
 41336 | Vaults:2 | Reached skill level 7 in Charms
 41513 | Vaults:2 | Reached skill level 3 in Air Magic
 41585 | Vaults:2 | Noticed Mennas
 41614 | Vaults:2 | Killed Mennas
 41614 | Vaults:2 | Reached skill level 7 in Spellcasting
 41614 | Vaults:2 | Reached skill level 8 in Charms
 41746 | Vaults:2 | Reached skill level 4 in Air Magic
 41941 | Vaults:2 | Noticed Jory
 41962 | Vaults:2 | Killed Boris
 41962 | Vaults:2 | Reached skill level 9 in Charms
 41968 | Vaults:2 | Reached skill level 5 in Air Magic
 41980 | Vaults:2 | Killed Jory
 41980 | Vaults:2 | Reached skill level 8 in Spellcasting
 41982 | Vaults:2 | Got a faintly glowing morningstar {flame}
 42156 | Vaults:2 | Received a gift from Okawaru
 42220 | Vaults:2 | Found Huipp's Weapon Emporium.
 42315 | Vaults:2 | Reached XP level 22. HP: 188/188 MP: 34/34
 42554 | Vaults:3 | Reached skill level 6 in Air Magic
 42729 | Vaults:3 | Found Pagg's Book Emporium.
 42807 | Vaults:3 | Reached skill level 7 in Air Magic
 43126 | Vaults:3 | Reached skill level 8 in Air Magic
 43368 | Vaults:3 | Reached skill level 9 in Air Magic
 43380 | Vaults:3 | Found a staircase to the Crypt.
 43617 | Vaults:3 | Received a gift from Okawaru
 43757 | Vaults:3 | Reached skill level 10 in Air Magic
 44158 | Vaults:4 | Found a blossoming altar of Fedhas.
 44190 | Vaults:4 | Found a ruined gateway.
 44204 | Desolati | Entered the Desolation of Salt
 44440 | Desolati | Identified the Papyrus of Confrontation and Displacement
 44453 | Desolati | Learned a level 8 spell: Controlled Blink
 44458 | Desolati | Got a coiled steel amulet
 44460 | Desolati | Identified the amulet "Quciaw" {Faith Fragile rElec rPois Dex+5} (You found it in the Desolation of Salt)
 44480 | Desolati | Reached skill level 11 in Air Magic
 44680 | Desolati | Received a gift from Okawaru
 44694 | Desolati | Got a bloodstained chain mail
 44696 | Desolati | Got a ripped robe
 44698 | Desolati | Got a sparkling bone ring
 44742 | Desolati | Identified the cursed ring of Totrurr {+Fly rC+ EV-3 Str-4 Slay+3} (You found it in the Desolation of Salt)
 44861 | Desolati | Reached XP level 23. HP: 195/195 MP: 35/35
 44881 | Desolati | Reached skill level 10 in Charms
 44894 | Desolati | Got a transparent leather armour
 44952 | Vaults:4 | Identified the +6 chain mail of Beogh's Delight {Dex+3} (You found it in the Desolation of Salt)
 44963 | Vaults:4 | Identified the +1 leather armour of Depression {rElec} (You found it in the Desolation of Salt)
 44974 | Vaults:4 | Identified the +0 robe "Boellaes" {Str+5} (You found it in the Desolation of Salt)
 45052 | Vaults:4 | Reached skill level 9 in Spellcasting
 45759 | Vaults:4 | Reached skill level 11 in Charms
 46021 | Depths:1 | Entered Level 1 of the Depths
 46042 | Depths:1 | Reached skill level 10 in Spellcasting
 46152 | Depths:1 | Received a gift from Okawaru
 46178 | Depths:1 | Found a gateway to Hell.
 46485 | Depths:1 | Reached skill level 12 in Charms
 46837 | Depths:2 | Reached skill level 11 in Spellcasting
 47048 | Depths:2 | Noticed a greater mummy
 47071 | Depths:2 | Killed a greater mummy
 47071 | Depths:2 | Reached skill level 13 in Charms
 47122 | Depths:2 | Received a gift from Okawaru
 47125 | Depths:2 | Got a bloodstained crystal plate armour {god gift}
 47141 | Depths:2 | Identified the +8 crystal plate armour "Laruf" {*Slow Str+4} (Okawaru gifted it to you on level 2 of the Depths)
 47255 | Depths:2 | Noticed a greater mummy
 47271 | Depths:2 | Killed a greater mummy
 47308 | Depths:2 | Reached skill level 12 in Air Magic
 47388 | Depths:2 | Got a faintly glowing zirconium amulet
 47389 | Depths:2 | Identified the amulet "Toxosas" {Gourm rC+++ MR- Int+5 SInv} (You found it on level 2 of the Depths)
 47455 | Depths:2 | Found a gateway to a ziggurat.
 47830 | Depths:3 | Reached XP level 24. HP: 202/202 MP: 38/38
 47989 | Depths:3 | Found a one-way gate leading to the halls of Pandemonium.
 48087 | Depths:3 | Reached skill level 12 in Spellcasting
 48114 | Depths:3 | Found Byick's Armour Boutique.
 48150 | Depths:3 | Noticed Saint Roka
 48162 | Depths:3 | Killed Saint Roka
 48237 | Depths:3 | Reached skill level 14 in Charms
 48266 | Depths:3 | Received a gift from Okawaru
 48747 | Depths:4 | Paralysed by a great orb of eyes for 6 turns
 49093 | Depths:4 | Found a one-way gate to the infinite horrors of the Abyss.
 49759 | Depths:5 | Entered Level 5 of the Depths
 49885 | Depths:5 | Found a gate to the Realm of Zot.
 49917 | Depths:5 | Reached skill level 6 in Armour
 49963 | Depths:5 | Received a gift from Okawaru
 50202 | Depths:5 | Reached skill level 19 in Dodging
 50410 | Depths:5 | Reached skill level 7 in Armour
 51043 | Vaults:5 | Entered Level 5 of the Vaults
 51069 | Vaults:5 | Noticed Frederick
 51129 | Vaults:5 | Reached XP level 25. HP: 209/209 MP: 39/39
 51252 | Vaults:5 | Noticed an ancient lich
 51288 | Vaults:5 | Received a gift from Okawaru
 51291 | Vaults:5 | Got an ichor-stained ring mail {god gift}
 51302 | Vaults:5 | Reached skill level 8 in Armour
 51315 | Vaults:5 | Got a sparkling amber ring
 51316 | Vaults:5 | Identified the +1 ring mail of Zoaddyat {Int+2} (Okawaru gifted it to you on level 5 of the Vaults)
 51318 | Vaults:5 | Identified the ring "Osoileco" {rPois rF+ rC+ EV+2 Str-4} (You took it off a vault warden on level 5 of the Vaults)
 51337 | Vaults:5 | Reached skill level 20 in Dodging
 51512 | Vaults:5 | Reached skill level 9 in Armour
 51563 | Vaults:5 | Got a faintly glowing short sword {freeze}
 51580 | Vaults:5 | Received a gift from Okawaru
 51597 | Vaults:5 | Killed an ancient lich
 51597 | Vaults:5 | Reached skill level 21 in Dodging
 51842 | Vaults:5 | Got a spiked hat {god gift}
 51920 | Vaults:5 | Reached skill level 10 in Armour
 51923 | Vaults:5 | Identified the +0 hat "Ethoud" {+Blink Str+2 Int-4} (Okawaru gifted it to you on level 5 of the Vaults)
 51971 | Vaults:5 | Got a silver rune of Zot
 52042 | Vaults:5 | Identified Sif Muna's Tome of Glacial Heat
 52143 | Vaults:5 | Got a scorched silver amulet
 52150 | Vaults:5 | Identified the amulet "Fisereoc" {Inacc Str+3 Int+2} (You found it on level 5 of the Vaults)
 52230 | Vaults:5 | Received a gift from Okawaru
 52281 | Vaults:5 | Reached XP level 26. HP: 216/216 MP: 39/39
 52331 | Vaults:5 | Reached skill level 22 in Dodging
 52360 | Vaults:5 | Got a transparent tin ring
 52394 | Vaults:5 | Identified the ring "Ugaptuge" {*Tele Int+4} (You took it off an ironheart preserver on level 5 of the Vaults)
 52414 | Vaults:5 | Noticed Bai Suzhen
 52443 | Vaults:5 | Killed Bai Suzhen
 52477 | Vaults:5 | Identified the Volume of Unholy Moulding
 52523 | Vaults:5 | Got a brightly glowing trident {elec}
 52981 | Vaults:5 | Learned a level 5 spell: Silence
 53050 | Vaults:5 | Got a crude bronze ring
 53228 | Vaults:3 | Reached skill level 20 in Fighting
 53905 | Crypt:1  | Entered Level 1 of the Crypt
 53908 | Crypt:1  | Identified the ring of the Moon {rElec rPois Str+2 Int+2} (You took it off a vault sentinel on level 5 of the Vaults)
 54246 | Crypt:1  | Reached skill level 22 in Polearms
 54561 | Crypt:1  | Got a translucent ring mail
 54562 | Crypt:1  | Identified the cursed +0 ring mail of the Alphagorgon {Dex+5} (You found it on level 1 of the Crypt)
 54870 | Crypt:2  | Received a gift from Okawaru
 55508 | Crypt:3  | Entered Level 3 of the Crypt
 55936 | Crypt:3  | Found an ancient bone altar of Kikubaaqudgha.
 56028 | Crypt:3  | Reached skill level 23 in Polearms
 56074 | Crypt:3  | Reached skill level 21 in Fighting
 56104 | Crypt:3  | Noticed an ancient lich
 56113 | Crypt:3  | Noticed an ancient lich
 56114 | Crypt:3  | Killed an ancient lich
 56127 | Crypt:3  | Killed an ancient lich
 56663 | Zot:1    | Entered Level 1 of the Realm of Zot
 56751 | Zot:1    | Reached XP level 27. HP: 224/231 MP: 39/39
 56763 | Zot:1    | Reached skill level 22 in Fighting
 56808 | Zot:1    | Received a gift from Okawaru
 57181 | Zot:1    | Upgraded the game from 0.21-a0-70-g32e1473 to 0.21-a0-71-g5e5ddd2
 57819 | Zot:2    | Received a gift from Okawaru
 57821 | Zot:2    | Got a faintly glowing trident {god gift}
 57822 | Zot:2    | Identified the +0 trident of Dissatisfaction {flame, Str+2} (Okawaru gifted it to you on level 2 of the Realm of Zot)
 57877 | Zot:2    | Reached skill level 23 in Fighting
 58168 | Zot:2    | Noticed an orb of fire
 58311 | Zot:2    | Received a gift from Okawaru
 58324 | Zot:2    | Reached skill level 24 in Fighting
 58783 | Zot:2    | Noticed an orb of fire
 58788 | Zot:2    | Gained mutation: Scrolls take you a little longer to read. [an orb of fire]
 58796 | Zot:2    | Gained mutation: Scrolls take you longer to read. [an orb of fire]
 58800 | Zot:2    | Gained mutation: You occasionally shout uncontrollably at your foes. [an orb of fire]
 58806 | Zot:2    | Killed an orb of fire
 58867 | Zot:2    | Reached skill level 25 in Fighting
 59095 | Zot:3    | Got an encrusted triple sword
 59099 | Zot:3    | Identified the +4 triple sword of Wyfutzir {holy, *Drain +Inv rPois rN++} (You found it on level 3 of the Realm of Zot)
 59262 | Zot:3    | Received a gift from Okawaru
 59304 | Zot:3    | Received a gift from Okawaru
 59319 | Zot:3    | Got a pair of faintly humming gloves {god gift}
 59345 | Zot:3    | Identified the +0 pair of gloves "Suqy" {Int+3 Stlth-} (Okawaru gifted it to you on level 3 of the Realm of Zot)
 60103 | Zot:4    | Noticed kroki's ghost (legendary BaFi)
 60157 | Zot:4    | Killed kroki's ghost
 60157 | Zot:4    | Reached skill level 26 in Fighting
 60272 | Zot:4    | Learned a level 1 spell: Apportation
 60735 | Zot:5    | Entered Level 5 of the Realm of Zot
 61334 | Zot:5    | Noticed an ancient lich
 61386 | Zot:5    | Reached skill level 27 in Fighting
 61389 | Zot:5    | HP: 50/249 [Orb Guardian (30)]
 61394 | Zot:5    | Received a gift from Okawaru
 61394 | Zot:5    | Reached skill level 11 in Stealth
 61575 | Zot:5    | Noticed an orb of fire
 61591 | Zot:5    | Gained mutation: You are clumsy. (Dex -2) [an orb of fire]
 61601 | Zot:5    | Killed an orb of fire
 61608 | Zot:5    | Killed an ancient lich
 61608 | Zot:5    | Reached skill level 12 in Stealth
 61708 | Zot:5    | Noticed an orb of fire
 61734 | Zot:5    | Killed an orb of fire
 61772 | Zot:5    | Reached skill level 13 in Stealth
 61845 | Zot:5    | Noticed an orb of fire
 61847 | Zot:5    | Gained mutation: Your body sometimes deteriorates upon taking damage. [an orb of fire]
 61852 | Zot:5    | Killed an orb of fire
 61852 | Zot:5    | Reached skill level 14 in Stealth
 61863 | Zot:5    | Noticed an ancient lich
 61866 | Zot:5    | Received a gift from Okawaru
 61870 | Zot:5    | Noticed an ancient lich
 61874 | Zot:5    | Killed an ancient lich
 61874 | Zot:5    | Reached skill level 15 in Stealth
 61882 | Zot:5    | Killed an ancient lich
 61896 | Zot:5    | Noticed an orb of fire
 61900 | Zot:5    | Gained mutation: You expend magic power (3 MP) to strengthen your wands. [an orb of fire]
 61905 | Zot:5    | Gained mutation: Your magical capacity is low. (-10% MP) [an orb of fire]
 61912 | Zot:5    | Killed an orb of fire
 61912 | Zot:5    | Reached skill level 16 in Stealth
 61913 | Zot:5    | Lost mutation: Scrolls take you longer to read. [potion of mutation]
 61913 | Zot:5    | Lost mutation: Scrolls take you a little longer to read. [potion of mutation]
 61913 | Zot:5    | Lost mutation: Your body sometimes deteriorates upon taking damage. [potion of mutation]
 61913 | Zot:5    | Lost mutation: You expend magic power (3 MP) to strengthen your wands. [potion of mutation]
 61913 | Zot:5    | Lost mutation: Your magical capacity is low. (-10% MP) [potion of mutation]
 61913 | Zot:5    | Gained mutation: You have a pair of small antennae on your head. [potion of mutation]
 61913 | Zot:5    | Gained mutation: Scrolls take you a little longer to read. [potion of mutation]
 61913 | Zot:5    | Gained mutation: Your spells are a little easier to cast, but a little less powerful. [potion of mutation]
 61913 | Zot:5    | Gained mutation: You are partially covered in slimy green scales. (AC +2) [potion of mutation]
 62052 | Zot:5    | Reached skill level 17 in Stealth
 62055 | Zot:5    | Received a gift from Okawaru
 62056 | Zot:5    | Noticed an orb of fire
 62065 | Zot:5    | Gained mutation: You are partially covered in iridescent scales. (AC +2) [an orb of fire]
 62070 | Zot:5    | Gained mutation: Potions are less effective at restoring your health. [an orb of fire]
 62071 | Zot:5    | Gained mutation: Scrolls take you longer to read. [an orb of fire]
 62072 | Zot:5    | Killed an orb of fire
 62168 | Zot:5    | Lost mutation: Your spells are a little easier to cast, but a little less powerful. [potion of mutation]
 62168 | Zot:5    | Lost mutation: You occasionally shout uncontrollably at your foes. [potion of mutation]
 62168 | Zot:5    | Lost mutation: You are partially covered in slimy green scales. (AC +2) [potion of mutation]
 62168 | Zot:5    | Lost mutation: Potions are less effective at restoring your health. [potion of mutation]
 62168 | Zot:5    | Lost mutation: You are clumsy. (Dex -2) [potion of mutation]
 62168 | Zot:5    | Gained mutation: You are resistant to hostile enchantments. (MR+) [potion of mutation]
 62168 | Zot:5    | Gained mutation: You are dopey. (Int -2) [potion of mutation]
 62168 | Zot:5    | Gained mutation: You possess an exceptional clarity of mind. [potion of mutation]
 62204 | Zot:5    | Reached skill level 18 in Stealth
 62768 | Slime:1  | Entered Level 1 of the Pits of Slime
 62802 | Slime:1  | HP: 59/249 [acid blob (8)]
 62804 | Slime:1  | HP: 9/249 [enormous slime creature (48)]
 62805 | Slime:1  | Annihilated by an enormous slime creature

Vault maps used:
D:1:      lemuel_arrival_lava_pool
D:2:      serial_bayou_pond_e, uniq_jessica
D:3:      serial_bayou, serial_bayou_pond_a, serial_bayou_ford_a,
          serial_bayou_shore_b, serial_bayou_lagoon_b, yredelemnul_altar_generic
D:4:      nicolae_overflow_crystal_walls, nicolae_ashenzari_panopticon,
          serial_shops, shop, nicolae_shop_temple_entry_statues_fountains
D:5:      lemuel_coloured_pillars_altar, lemuel_round_altar, lemuel_round_altar,
          overflow_temple_1_default, first_bread,
          nicolae_gozag_cash_rules_everything_around_me, uniq_sigmund
D:6:      minmay_temple_entry_butterflies
D:7:      minmay_statues_item, uniq_joseph
D:8:      lemuel_doored_altar, uniq_maurice
D:9:      lemuel_slime, kennysheep_mini_moat,
          kennysheep_orc_monster_closet_entryway, serial_shops, shop,
          trog_wizard
D:10:     minmay_statue_hallways, serial_shops, shop, uniq_snorg
D:11:     erik_lair_dragon, serial_shops, shop
D:12:     hangedman_stone_soup, hangedman_decor_diamond_cutter
D:13:     moated_statue
D:14:     grunt_vaults_entry_tiered, uniq_louise, uniq_nessos
D:15:     hangedman_depths_entry_civil_slaughter, serial_co_window_serial,
          co_window_of_opportunity_a, co_window_paths_b,
          co_window_of_opportunity_a, co_window_corner_a,
          co_window_of_opportunity_a, co_window_corner_a,
          co_window_of_opportunity_c, co_window_unsneaky_path_e,
          co_window_broadway_c, co_window_paths_c, co_window_corner_b,
          co_window_cross_2, co_window_broadway_a, glass_columns_a,
          glass_columns_a, glass_columns_a
Temple:   jpeg_temple_clearing
Lair:1:   minivault_26
Lair:2:   uniq_harold
Lair:3:   elwin_shoals_entry_stream, pond, infiniplex_staircase_pool
Lair:4:   beast_lair_carwin_large_1, spider_nest_entry_rubble, basic_altar,
          minmay_lair_oklob_chamber
Lair:5:   slime_altar_1
Lair:6:   gammafunk_lair_ancient_temple
Shoals:2: nicolae_shoals_flooded_hall
Shoals:3: serial_shops, shop
Shoals:4: shoals_end_hangedman, shoal_ilsuiw, serial_shops, shop,
          nicolae_shop_competitors_out_of_business,
          nicolae_shoals_aquamancer_cove
Spider:2: spider_trap, nicolae_crawler_farm, uniq_aizul
Spider:4: spider_rune_water, spider_trap, uniq_arachne, uniq_jorgrun,
          uniq_nikola
Orc:1:    serial_shops, shop, nicolae_shop_statue_plus, nicolae_orc_damp_corner
Orc:2:    grunt_orc_tribal_feast, roderic_batcave
Elf:1:    serial_shops, nicolae_shop_window_shopping, orc_legates, st_stairs_7
Elf:2:    hex_medium
Elf:3:    minmay_elf_hall_circle
Vaults:1: hangedman_vaults_stream, vaults_mumra_lcd, v_misc_17,
          nicolae_vaults_rhombus_7, nicolae_vaults_angled_halls,
          nicolae_vaults_little_squares_1, vaults_room_pool,
          infiniplex_enter_wizlab_water, uniq_asterion
Vaults:2: dpeg_vaults_monster_box, vaults_room_ringed_pool,
          hangedman_vaults_stitches, nicolae_vaults_little_ls, v_alt_pattern_5,
          v_rooms_4, special_room_vaults, v_alt_pattern_2,
          nicolae_vaults_what_the_h, nicolae_vaults_gold_heap, v_alt_pattern_3,
          ontoclasm_vaults_decontamination, uniq_mennas, uniq_jory, uniq_boris
Vaults:3: v_misc_30, ontoclasm_vaults_ring_square, dpeg_vaults_monster_row,
          hangedman_vaults_corner, v_misc_9, hangedman_vaults_trim, v_misc_29,
          nicolae_vaults_display_case, minmay_crypt_entry_skeletal_spiral,
          vaults_room_pool, serial_shops, shop
Vaults:4: v_misc_23, serial_ice_h, hangedman_vaults_locks,
          nicolae_vaults_yaktaur_gun_rack, hangedman_vaults_maws,
          vaults_room_fours, vaults_dpeg_doors, ontoclasm_vaults_pinch,
          vaults_dpeg_cross, v_misc_30, grunt_vaults_diagonal,
          nicolae_vaults_three_branches, portal_desolation_entry_garden,
          basic_altar
Vaults:5: uniq_bai_suzhen, uniq_frederick
Crypt:3:  evilmike_haunted_forest
Depths:1: hangedman_tar_grid_catacomb, minmay_fountain_box,
          kilobyte_rumbling_trees
Depths:2: ragdoll_tomb_raider, enter_ziggurat_d, hangedman_geh_valley
Depths:3: regret_index_uskayaw_diablada_macabre, eino_curves_03, hell_entry,
          pan_entry, nicolae_wwwww, infiniplex_staircase_diamond,
          minmay_shop_star, uniq_saint_roka
Depths:4: minmay_connected_triangles_in_corner, abyss_entry_crystal,
          serial_curves, eino_curves_03, eino_curves_01,
          minmay_misc_feat_enclosed, grunt_metal_band,
          minmay_misc_feat_nine_boxes, st_stairs_12
Depths:5: grunt_zot_entry_tricorne, hell_entry, nrook_mini_vaults, st_stairs_9,
          hangedman_decor_points
Zot:1:    nicolae_lava_and_water
Zot:2:    grunt_deathspiral_small
Zot:3:    st_stairs_3, hangedman_hellfire_club
Abyss:3:  grunt_abyss_rune_wretched_hive
WizLab:   wizlab_cloud

Skill      XL: |  1  2  3  4  5  6  7  8  9 10 11 12 13 14 15 16 17 18 19 20 21 22 23 24 25 26 27 |
---------------+----------------------------------------------------------------------------------+-----
Dodging        | 1 2 4 5 7 9 12 14 16 18 19 21 22 | 22.0
Fighting       | 4 6 9 11 12 14 16 19 21 27 | 27.0
Polearms       | 2 4 5 7 8 10 12 14 16 17 20 21 23 | 23.0
Invocations    | 7 8 |  8.0
Evocations     | 2 3 7 |  7.4
Spellcasting   | 4 5 8 11 12 | 12.8
Hexes          | 5 |  5.4
Charms         | 5 9 13 14 | 14.7
Stealth        | 4 6 8 10 18 | 18.6
Necromancy     | 5 |  5.0
Armour         | 3 5 7 10 | 10.7
Shields        | 9 14 15 | 15.0
Air Magic      | 5 11 12 | 12.9
Short Blades   | |  2.4

Action                   |  1- 3 |  4- 6 |  7- 9 | 10-12 | 13-15 | 16-18 | 19-21 | 22-24 | 25-27 || total
-------------------------+-------+-------+-------+-------+-------+-------+-------+-------+-------++-------
Melee: Dagger            |   106 |       |       |       |       |       |       |       |       ||   106
       Spear             |    18 |   189 |   594 |       |       |       |       |       |       ||   801
       Tailslap          |       |     1 |       |       |    18 |    28 |     3 |       |     4 ||    54
       Halberd           |       |       |     2 |   734 |  1105 |       |       |       |       ||  1841
       Demon trident     |       |       |       |       |   251 |  1304 |  1421 |  1801 |  1092 ||  5869
       Lance             |       |       |       |       |       |       |       |       |  1262 ||  1262
 Cast: Spectral Weapon   |       |       |       |       |    39 |    67 |    40 |    26 |    55 ||   227
       Regeneration      |       |       |       |       |     8 |    21 |    25 |     3 |    19 ||    76
       Deflect Missiles  |       |       |       |       |       |       |       |     1 |     7 ||     8
       Blink             |       |       |       |       |       |       |       |       |     1 ||     1
Invok: Heroism           |       |       |       |     2 |    14 |    32 |    43 |    39 |    52 ||   182
       Finesse           |       |       |       |       |       |     2 |     5 |     4 |     3 ||    14
Evoke: Wand              |       |       |     6 |    10 |     8 |     3 |       |     1 |     3 ||    31
  Use: Scroll            |       |    10 |    10 |    13 |    11 |     5 |    15 |    19 |    12 ||    95
       Potion            |       |       |       |     1 |     2 |     1 |     1 |     2 |     6 ||    13
 Stab: Sleeping          |     5 |     5 |    10 |    18 |    25 |    25 |    30 |    72 |    43 ||   233
       Distracted        |       |       |       |     3 |    16 |    11 |    16 |    25 |    48 ||   119
       Confused          |       |       |       |     3 |       |       |       |       |       ||     3
       Paralysed         |       |       |       |       |       |       |       |     1 |     3 ||     4
  Eat: Chunk             |     1 |     7 |    17 |    25 |    20 |    22 |    23 |    13 |    20 ||   148
       Meat ration       |       |       |     1 |       |     2 |       |       |     1 |     2 ||     6
       Fruit             |       |       |       |     2 |       |       |       |       |       ||     2
       Bread ration      |       |       |       |       |     4 |     1 |       |     2 |     2 ||     9
       Royal jelly       |       |       |       |       |       |     4 |     3 |     3 |     2 ||    12
Armor: Leather armour    |    16 |    16 |    52 |    67 |   148 |    67 |    51 |    38 |       ||   455
       Fire dragon scale |       |       |       |       |       |       |       |    64 |   178 ||   242
Dodge: Dodged            |    59 |    82 |   276 |   456 |  1154 |   825 |   593 |   672 |   780 ||  4897
       Deflected         |       |       |       |       |       |       |       |    25 |    32 ||    57
Block: Buckler           |       |       |       |       |    60 |    53 |       |       |       ||   113
       Shield            |       |       |       |       |       |   665 |   668 |   824 |   810 ||  2967
       Reflection        |       |       |       |       |       |       |       |     2 |       ||     2

Vault maps used:
D:1:      lemuel_arrival_lava_pool
D:2:      serial_bayou_pond_e, uniq_jessica
D:3:      serial_bayou, serial_bayou_pond_a, serial_bayou_ford_a,
          serial_bayou_shore_b, serial_bayou_lagoon_b, yredelemnul_altar_generic
D:4:      nicolae_overflow_crystal_walls, nicolae_ashenzari_panopticon,
          serial_shops, shop, nicolae_shop_temple_entry_statues_fountains
D:5:      lemuel_coloured_pillars_altar, lemuel_round_altar, lemuel_round_altar,
          overflow_temple_1_default, first_bread,
          nicolae_gozag_cash_rules_everything_around_me, uniq_sigmund
D:6:      minmay_temple_entry_butterflies
D:7:      minmay_statues_item, uniq_joseph
D:8:      lemuel_doored_altar, uniq_maurice
D:9:      lemuel_slime, kennysheep_mini_moat,
          kennysheep_orc_monster_closet_entryway, serial_shops, shop,
          trog_wizard
D:10:     minmay_statue_hallways, serial_shops, shop, uniq_snorg
D:11:     erik_lair_dragon, serial_shops, shop
D:12:     hangedman_stone_soup, hangedman_decor_diamond_cutter
D:13:     moated_statue
D:14:     grunt_vaults_entry_tiered, uniq_louise, uniq_nessos
D:15:     hangedman_depths_entry_civil_slaughter, serial_co_window_serial,
          co_window_of_opportunity_a, co_window_paths_b,
          co_window_of_opportunity_a, co_window_corner_a,
          co_window_of_opportunity_a, co_window_corner_a,
          co_window_of_opportunity_c, co_window_unsneaky_path_e,
          co_window_broadway_c, co_window_paths_c, co_window_corner_b,
          co_window_cross_2, co_window_broadway_a, glass_columns_a,
          glass_columns_a, glass_columns_a
Temple:   jpeg_temple_clearing
Lair:1:   minivault_26
Lair:2:   uniq_harold
Lair:3:   elwin_shoals_entry_stream, pond, infiniplex_staircase_pool
Lair:4:   beast_lair_carwin_large_1, spider_nest_entry_rubble, basic_altar,
          minmay_lair_oklob_chamber
Lair:5:   slime_altar_1
Lair:6:   gammafunk_lair_ancient_temple
Shoals:2: nicolae_shoals_flooded_hall
Shoals:3: serial_shops, shop
Shoals:4: shoals_end_hangedman, shoal_ilsuiw, serial_shops, shop,
          nicolae_shop_competitors_out_of_business,
          nicolae_shoals_aquamancer_cove
Spider:2: spider_trap, nicolae_crawler_farm, uniq_aizul
Spider:4: spider_rune_water, spider_trap, uniq_arachne, uniq_jorgrun,
          uniq_nikola
Orc:1:    serial_shops, shop, nicolae_shop_statue_plus, nicolae_orc_damp_corner
Orc:2:    grunt_orc_tribal_feast, roderic_batcave
Elf:1:    serial_shops, nicolae_shop_window_shopping, orc_legates, st_stairs_7
Elf:2:    hex_medium
Elf:3:    minmay_elf_hall_circle
Vaults:1: hangedman_vaults_stream, vaults_mumra_lcd, v_misc_17,
          nicolae_vaults_rhombus_7, nicolae_vaults_angled_halls,
          nicolae_vaults_little_squares_1, vaults_room_pool,
          infiniplex_enter_wizlab_water, uniq_asterion
Vaults:2: dpeg_vaults_monster_box, vaults_room_ringed_pool,
          hangedman_vaults_stitches, nicolae_vaults_little_ls, v_alt_pattern_5,
          v_rooms_4, special_room_vaults, v_alt_pattern_2,
          nicolae_vaults_what_the_h, nicolae_vaults_gold_heap, v_alt_pattern_3,
          ontoclasm_vaults_decontamination, uniq_mennas, uniq_jory, uniq_boris
Vaults:3: v_misc_30, ontoclasm_vaults_ring_square, dpeg_vaults_monster_row,
          hangedman_vaults_corner, v_misc_9, hangedman_vaults_trim, v_misc_29,
          nicolae_vaults_display_case, minmay_crypt_entry_skeletal_spiral,
          vaults_room_pool, serial_shops, shop
Vaults:4: v_misc_23, serial_ice_h, hangedman_vaults_locks,
          nicolae_vaults_yaktaur_gun_rack, hangedman_vaults_maws,
          vaults_room_fours, vaults_dpeg_doors, ontoclasm_vaults_pinch,
          vaults_dpeg_cross, v_misc_30, grunt_vaults_diagonal,
          nicolae_vaults_three_branches, portal_desolation_entry_garden,
          basic_altar
Vaults:5: uniq_bai_suzhen, uniq_frederick
Crypt:3:  evilmike_haunted_forest
Depths:1: hangedman_tar_grid_catacomb, minmay_fountain_box,
          kilobyte_rumbling_trees
Depths:2: ragdoll_tomb_raider, enter_ziggurat_d, hangedman_geh_valley
Depths:3: regret_index_uskayaw_diablada_macabre, eino_curves_03, hell_entry,
          pan_entry, nicolae_wwwww, infiniplex_staircase_diamond,
          minmay_shop_star, uniq_saint_roka
Depths:4: minmay_connected_triangles_in_corner, abyss_entry_crystal,
          serial_curves, eino_curves_03, eino_curves_01,
          minmay_misc_feat_enclosed, grunt_metal_band,
          minmay_misc_feat_nine_boxes, st_stairs_12
Depths:5: grunt_zot_entry_tricorne, hell_entry, nrook_mini_vaults, st_stairs_9,
          hangedman_decor_points
Zot:1:    nicolae_lava_and_water
Zot:2:    grunt_deathspiral_small
Zot:3:    st_stairs_3, hangedman_hellfire_club
Abyss:3:  grunt_abyss_rune_wretched_hive
WizLab:   wizlab_cloud

Table legend:
 A = Turns spent in this place as a percentage of turns spent in the entire game.
 B = Non-inter-level travel turns spent in this place as a percentage of non-inter-level travel turns spent in the entire game.
 C = Inter-level travel turns spent in this place as a percentage of turns spent in this place.
 D = Turns resting spent in this place as a percentage of non-inter-level travel turns spent in this place.
 E = Turns spent auto-exploring this place as a percentage of non-inter-level travel turns spent in this place.
 F = Non-inter-level travel turns spent in this place divided by the number of levels of this place that you've seen.
                   A       B       C       D       E      F
               +-------+-------+-------+-------+-------+----------------------
         Total | 100.0 | 100.0 |   0.6 |   1.4 |   7.3 | 447.0
       Dungeon |  22.7 |  22.7 |   0.8 |   2.0 |   9.1 | 385.0
        Temple |   0.1 |   0.1 |   5.9 |   0.0 |  93.8 |  16.0
          Lair |   7.7 |   7.7 |   0.5 |   3.0 |   5.8 | 327.2
        Shoals |   7.5 |   7.5 |   0.9 |   2.7 |   8.5 | 477.0
   Spider Nest |   7.3 |   7.3 |   0.5 |   2.2 |   6.1 | 466.8
    Slime Pits |   0.2 |   0.2 |   0.0 |   0.0 |   0.0 |  45.0
  Orcish Mines |   3.4 |   3.4 |   0.6 |   2.3 |   8.1 | 438.5
   Elven Halls |   6.3 |   6.2 |   1.0 |   1.1 |   6.2 | 529.3
        Vaults |  17.4 |  17.4 |   0.3 |   0.4 |   7.0 | 888.8
         Crypt |   4.8 |   4.8 |   0.4 |   0.2 |   7.0 | 410.7
        Depths |   8.5 |   8.5 |   0.4 |   0.6 |   9.1 | 434.6
           Zot |   9.2 |   9.2 |   0.6 |   0.7 |   7.1 | 468.0
         Abyss |   0.5 |   0.5 |   0.0 |   0.0 |   0.0 | 135.0
        Wizlab |   1.7 |   1.7 |   0.0 |   0.0 |   0.0 | 439.0
    Desolation |   2.6 |   2.7 |   0.0 |   0.0 |   1.2 | 676.0
               +-------+-------+-------+-------+-------+----------------------

Table legend:
 A = Kills in this place as a percentage of kills in entire the game.
 B = Kills by you in this place as a percentage of kills by you in the entire game.
 C = Kills by friends in this place as a percentage of kills by friends in the entire game.
 D = Other kills in this place as a percentage of other kills in the entire game.
 E = Experience gained in this place as a percentage of experience gained in the entire game.
 F = Experience gained in this place divided by the number of levels of this place that you have seen.
                   A       B       C       D       E      F
               +-------+-------+-------+-------+-------+----------------------
         Total | 100.0 | 100.0 |  -nan | 100.0 | 100.0 | 29691.5
       Dungeon |  19.0 |  19.0 |  -nan |   0.0 |   4.2 | 4710.7
          Lair |   6.3 |   6.3 |  -nan |   0.0 |   2.7 | 7636.8
        Shoals |   6.8 |   6.8 |  -nan |   0.0 |   5.5 | 23356.5
   Spider Nest |   8.3 |   8.3 |  -nan |   0.0 |   5.8 | 24585.8
    Slime Pits |   0.4 |   0.4 |  -nan |   0.0 |   0.6 | 10251.0
  Orcish Mines |   4.8 |   4.8 |  -nan |   0.0 |   0.9 | 7812.5
   Elven Halls |   5.6 |   5.6 |  -nan |  20.0 |   6.6 | 37284.3
        Vaults |  21.2 |  21.2 |  -nan |  20.0 |  25.4 | 85828.2
         Crypt |   5.6 |   5.6 |  -nan |   0.0 |   5.9 | 33447.3
        Depths |   8.9 |   9.0 |  -nan |   0.0 |  12.8 | 43461.8
           Zot |   7.9 |   7.9 |  -nan |  20.0 |  25.7 | 87055.8
         Abyss |   0.2 |   0.2 |  -nan |   0.0 |   0.1 | 1180.0
        Wizlab |   1.9 |   1.9 |  -nan |  20.0 |   0.9 | 15309.0
    Desolation |   3.1 |   3.1 |  -nan |  20.0 |   2.8 | 47876.0
               +-------+-------+-------+-------+-------+----------------------
